 Dungeon Crawl Stone Soup version 0.20.1-1-g8b1a95d (console) character file.

93 hilaritas the Chiller (level 4, -1/24 HPs)
             Began as a Deep Elf Ice Elementalist on Sept 8, 2017.
             Slain by Grinder (4 damage)
             ... on level 3 of the Dungeon.
             The game lasted 00:06:16 (2693 turns).

hilaritas the Chiller (Deep Elf Ice Elementalist)   Turns: 2693, Time: 00:06:17

Health: -1/24      AC:  8    Str:  6    XL:     4   Next: 36%
Magic:  2/11       EV: 13    Int: 25    God:
Gold:   64         SH:  0    Dex: 15    Spells: 0/10 levels left

rFire    + . .     SeeInvis .   e - +0 dagger
rCold    + . .     Gourm    .   (no shield)
rNeg     . . .     Faith    .   a - +0 robe
rPois    +         Spirit   .   (no helmet)
rElec    +         Reflect  .   (no cloak)
rCorr    +         Harm     .   (no gloves)
MR       .....                  (no boots)
Stlth    ++........             (no amulet)
Regen    0.1/turn               (no ring)
MPRegen  0.2/turn               (no ring)

@: brilliant, icy armour, resistant, slow
A: no striking features
a: no special abilities


You were on level 3 of the Dungeon.
You were not hungry.

You visited 1 branch of the dungeon, and saw 3 of its levels.

You collected 64 gold pieces.

Inventory:

Hand Weapons
 e - a +0 dagger (weapon)
Missiles
 i - 122 stones (quivered)
 k - 35 arrows
Armour
 a - a +0 robe (worn)
 u - a +0 shield
Jewellery
 m - an uncursed ring of magical power {unknown}
 p - an uncursed ring of protection from cold {unknown}
 v - a +2 ring of intelligence {unknown}
Scrolls
 d - 3 scrolls of identify {unknown}
 g - a scroll of fear {unknown}
 h - 2 scrolls of recharging {unknown}
 j - a scroll of fog {unknown}
 n - a scroll of enchant armour {unknown}
 r - a scroll of remove curse {unknown}
Potions
 o - a potion of haste {unknown}
 q - a potion of curing {unknown}
 t - a potion of mutation {unknown}
 w - a potion of resistance
Books
 b - a book of Frost

   Spells                             Type                      Level
   a - Freeze                         Ice                          1
   b - Throw Frost                    Conjuration/Ice              2
   c - Ozocubu's Armour               Charms/Ice                   3
   d - Throw Icicle                   Conjuration/Ice              4
   e - Summon Ice Beast               Ice/Summoning                4
Comestibles
 c - 2 bread rations


   Skills:
 - Level 2.4 Dodging
 - Level 2.4 Stealth
 * Level 3.9 Spellcasting
 - Level 2.0 Conjurations
 - Level 5.0 Ice Magic


You couldn't memorise any spells.
You knew the following spells:

 Your Spells              Type           Power        Failure   Level  Hunger
a - Freeze                Ice            ####         1%          1    None
b - Throw Frost           Conj/Ice       #####.       1%          2    #......
c - Ozocubu's Armour      Chrm/Ice       ####....     1%          3    ##.....
d - Throw Icicle          Conj/Ice       #####...     2%          4    ####...


Dungeon Overview and Level Annotations

Branches:
Dungeon (3/15)

Altars:

Annotations:
D:3 Grinder


Message History

Aim: Grinder (lightly wounded)
You freeze Grinder.
Grinder resists.
Grinder is lightly wounded.
Grinder hits you.
* * * LOW HITPOINT WARNING * * *
It was a potion of brilliance.
You feel clever all of a sudden. Grinder gestures at you.
You barely resist.
Casting: Freeze
Confirm with . or Enter, or press ? or * to list all spells.
Aiming: Freeze
Press: ? - help, Shift-Dir - straight line, f/p - Grinder
Aim: Grinder (lightly wounded)
You freeze Grinder.
Grinder resists.
Grinder is lightly wounded.
Grinder hits you.
* * * LOW HITPOINT WARNING * * *
You writhe in agony.
You die...

#####...### #..........
#)###...###
#..#########.###...###
...................(.
#.######.##.......###
####..#####.##.......# #
............##.......###
......#....###..........
.............#........##
.......@.....#.#.#....#
.......5###....#.#....#
##....#...<..###......#
#....#.#.#..# #......#
............####......#
##....##.......[......#
#.... #..######......##
#... ##.. #........ #...
#... #..####.# #.. #....
#.....).. #.#####.#


You could see Grinder.

Vanquished Creatures
  3 adders
  2 dart slugs
  2 leopard geckos
  8 bats
  4 giant cockroaches
  6 hobgoblins
  3 jackals (D:2)
  A quokka (D:2)
  4 frilled lizards
  10 goblins
  5 kobolds
  10 rats
58 creatures vanquished.

Notes
Turn   | Place    | Note
-------+----------+-------------------------------------------
     0 | D:1      | hilaritas the Deep Elf Ice Elementalist began the quest for the Orb.
     0 | D:1      | Reached XP level 1. HP: 10/10 MP: 6/6
   177 | D:1      | Reached XP level 2. HP: 14/15 MP: 2/8
   181 | D:1      | Learned a level 2 spell: Throw Frost
   246 | D:1      | Reached skill level 4 in Ice Magic
   968 | D:1      | Reached XP level 3. HP: 19/19 MP: 5/9
  1161 | D:2      | Learned a level 3 spell: Ozocubu's Armour
  1859 | D:2      | Reached skill level 5 in Ice Magic
  2116 | D:2      | Reached XP level 4. HP: 24/24 MP: 7/10
  2465 | D:2      | Learned a level 4 spell: Throw Icicle
  2661 | D:3      | Noticed Grinder
  2671 | D:3      | Paralysed by Grinder for 4 turns
  2683 | D:3      | Paralysed by Grinder for 3 turns
  2693 | D:3      | Slain by Grinder

Skill      XL: |  1  2  3 |
---------------+----------+-----
Ice Magic      | 4 5 |  5.0
Conjurations   | 2 |  2.0
Dodging        | |  2.4
Stealth        | |  2.4
Spellcasting   | |  3.9

Action                   |  1- 3 |  4- 6 || total
-------------------------+-------+-------++-------
Melee: Dagger            |     2 |     1 ||     3
 Cast: Freeze            |    60 |    27 ||    87
       Throw Frost       |       |     3 ||     3
       Ozocubu's Armour  |       |     1 ||     1
  Use: Potion            |       |     3 ||     3
  Eat: Chunk             |     3 |     2 ||     5
Armor: Robe              |     5 |     5 ||    10
Dodge: Dodged            |    31 |    13 ||    44
